PCL
SACRAMENTO RIVER CATS @ SALT LAKE BEES
09/05/2099
 
TOP OF THE 1ST
Sacramento River Cats batting - Pitching for Salt Lake Bees : RHP Casey Collins
Pitching: RHP Casey Collins
Batting: RHB Brendan Morris 0-0: Foul Ball, location: 23F
0-1: Ball
1-1: SINGLE (Groundball, 4MS, EV 68.1 MPH) (infield hit)
Batting: LHB Sergio Almanza 0-0: Ball
1-0: Ball
Brendan Morris is caught stealing 2nd base 2-6
2-0: Called Strike
2-1: Ball
3-1: Fly out, F9 (Flyball, 89S, EV 89.4 MPH)
Batting: RHB Greg Schaefer 0-0: Ball
1-0: Ball
2-0: Called Strike
2-1: Foul Ball, location: 9LSF
2-2: Strikes out looking
Top of the 1st over - 0 runs, 1 hit, 0 errors, 0 left on base; Sacramento 0 - Salt Lake 0
BOTTOM OF THE 1ST
Salt Lake Bees batting - Pitching for Sacramento River Cats : RHP Toby Carlson
Pitching: RHP Toby Carlson
Batting: RHB Nick Kirks 0-0: Called Strike
0-1: Swinging Strike
0-2: Ball
1-2: Foul Ball, location: 5DF
1-2: Strikes out looking
Batting: LHB Justin Manns 0-0: Ball
1-0: Called Strike
1-1: Called Strike
1-2: Ball
2-2: Foul Ball, location: 3DF
2-2: Strikes out looking
Batting: LHB Ryan Ricks 0-0: Foul Ball, location: 7LDF
0-1: Ball
1-1: Ball
2-1: Foul Ball, location: 2F
2-2: Ball
3-2: Foul Ball, location: 7LSF
3-2: Base on Balls
Batting: LHB Roger Adkins 0-0: Fly out, F7 (Flyball, 7D, EV 91.9 MPH)
Bottom of the 1st over - 0 runs, 0 hits, 0 errors, 1 left on base; Sacramento 0 - Salt Lake 0
TOP OF THE 2ND
Sacramento River Cats batting - Pitching for Salt Lake Bees : RHP Casey Collins
Batting: RHB Luis Jaramillo 0-0: Ball
1-0: Called Strike
1-1: Ball
2-1: Ball
3-1: Fly out, F9 (Flyball, 9, EV 92.5 MPH)
Batting: RHB Kenny Giancola 0-0: DOUBLE (Groundball, 5L, EV 103.1 MPH)
Batting: RHB Miles Carr 0-0: Swinging Strike
0-1: Ball
1-1: Foul Ball, location: 2F
1-2: Strikes out looking
Batting: RHB Elvin Reiss 0-0: Swinging Strike
0-1: Ball
1-1: DOUBLE (Line Drive, 3D, EV 94.4 MPH)
Kenny Giancola scores
Batting: LHB Antonio Corral 0-0: Foul Ball, location: 2F
0-1: Foul Ball, location: 2F
0-2: Ball
1-2: Strikes out looking
Top of the 2nd over - 1 run, 2 hits, 0 errors, 1 left on base; Sacramento 1 - Salt Lake 0
BOTTOM OF THE 2ND
Salt Lake Bees batting - Pitching for Sacramento River Cats : RHP Toby Carlson
Batting: RHB Jon Fuentes 0-0: Ball
1-0: Called Strike
1-1: Ground out 6-3 (Groundball, 6, EV 93.1 MPH)
Batting: LHB Austin Newton 0-0: Called Strike
0-1: Ball
1-1: Ball
2-1: Swinging Strike
2-2: Ball
3-2: Fly out, F7 (Flyball, 7LSF, EV 93.8 MPH)
Batting: RHB Xavier Montes 0-0: Foul Ball, location: 25FF
0-1: Foul Ball, location: 2F
0-2: DOUBLE (Groundball, 5L, EV 105.0 MPH)
Batting: LHB Matt Davis 0-0: Called Strike
0-1: Ball
1-1: DOUBLE (Flyball, 8RXD, EV 95.0 MPH)
Xavier Montes scores
Batting: RHB Mat Bushey 0-0: Called Strike
0-1: Foul Ball, location: 7LMF
0-2: Ball
1-2: Ball
2-2: SINGLE (Line Drive, 3D, EV 97.5 MPH)
Matt Davis to third
Runner from 3rd tries for Home, SAFE, throw by RF to home
Batting: RHB Nick Kirks 0-0: Ball
1-0: Called Strike
1-1: Ball
2-1: Ball
3-1: SINGLE (Line Drive, 56, EV 104.4 MPH)
Mat Bushey to second
Batting: LHB Justin Manns 0-0: Swinging Strike
0-1: Swinging Strike
0-2: Foul Ball, location: 3FF
0-2: Ball
1-2: Ball
2-2: Ball
3-2: Strikes out swinging
Bottom of the 2nd over - 2 runs, 4 hits, 0 errors, 2 left on base; Sacramento 1 - Salt Lake 2
TOP OF THE 3RD
Sacramento River Cats batting - Pitching for Salt Lake Bees : RHP Casey Collins
Batting: SHB Jody Tomko 0-0: Called Strike
0-1: Fly out, F3 (Popup, 3F, EV 54.4 MPH)
Batting: RHB Brendan Morris 0-0: Ball
1-0: Ball
2-0: SINGLE (Line Drive, 8RS, EV 104.4 MPH)
Batting: LHB Sergio Almanza 0-0: Grounds into double play, 6-4-3 (Groundball, 6, EV 99.4 MPH)
Top of the 3rd over - 0 runs, 1 hit, 0 errors, 0 left on base; Sacramento 1 - Salt Lake 2
BOTTOM OF THE 3RD
Salt Lake Bees batting - Pitching for Sacramento River Cats : RHP Toby Carlson
Batting: LHB Ryan Ricks 0-0: Foul Ball, location: 23F
0-1: Ground out 3-1 (Groundball, 34S, EV 80.6 MPH)
Batting: LHB Roger Adkins 0-0: Called Strike
0-1: Ball
1-1: Swinging Strike
1-2: Strikes out looking
Batting: RHB Jon Fuentes 0-0: Ball
1-0: Ball
2-0: Foul Ball, location: 2F
2-1: Foul Ball, location: 7LMF
2-2: SINGLE (Line Drive, 9LS, EV 107.5 MPH)
Batting: LHB Austin Newton 0-0: Ball
1-0: Ball
2-0: Foul Ball, location: 23F
2-1: Ground out 4-3 (Groundball, 34D, EV 101.3 MPH)
Bottom of the 3rd over - 0 runs, 1 hit, 0 errors, 1 left on base; Sacramento 1 - Salt Lake 2
TOP OF THE 4TH
Sacramento River Cats batting - Pitching for Salt Lake Bees : RHP Casey Collins
Batting: RHB Greg Schaefer 0-0: Ball
1-0: Called Strike
1-1: Ball
2-1: Ball
3-1: Called Strike
3-2: Ground out U3 (Groundball, 34, EV 106.3 MPH)
Batting: RHB Luis Jaramillo 0-0: Ball
1-0: Ball
2-0: SINGLE (Flyball, 89S, EV 91.9 MPH)
Batting: RHB Kenny Giancola 0-0: Ball
1-0: Swinging Strike
1-1: Ball
2-1: Called Strike
2-2: Ball
3-2: SINGLE (Groundball, 6MD, EV 104.4 MPH)
Luis Jaramillo to second
Runner from 2nd tries for 3rd, SAFE, no throw by CF
Batting: RHB Miles Carr 0-0: Fly out, F9 (Flyball, 9S, EV 100.0 MPH)
Batting: RHB Elvin Reiss 0-0: Ball
1-0: Ball
2-0: Foul Ball, location: 25FF
2-1: Ball
3-1: Foul Ball, location: 3DF
3-2: SINGLE (Groundball, 56D, EV 102.5 MPH)
Luis Jaramillo scores
Kenny Giancola to second
Kenny Giancola to third
Batting: LHB Antonio Corral 0-0: Foul Ball, location: 5SF
0-1: Foul Ball, location: 3FF
0-2: Foul Ball, location: 2LF
0-2: Ball
1-2: Ball
2-2: Foul Ball, location: 2F
2-2: Ground out 4-3 (Groundball, 34, EV 83.8 MPH)
Top of the 4th over - 1 run, 3 hits, 0 errors, 2 left on base; Sacramento 2 - Salt Lake 2
BOTTOM OF THE 4TH
Salt Lake Bees batting - Pitching for Sacramento River Cats : RHP Toby Carlson
Batting: RHB Xavier Montes 0-0: Ball
1-0: Ball
2-0: Swinging Strike
2-1: Foul Ball, location: 5F
2-2: Foul Ball, location: 2F
2-2: Ball
3-2: Ground out 5-3 (Groundball, 56S, EV 85.6 MPH)
Batting: LHB Matt Davis 0-0: Called Strike
0-1: Foul Ball, location: 7LSF
0-2: Ball
1-2: Strikes out looking
Batting: RHB Mat Bushey 0-0: DOUBLE (Flyball, 8RXD, EV 94.4 MPH)
Batting: RHB Nick Kirks 0-0: Foul Ball, location: 5FF
0-1: Ball
1-1: Ball
2-1: Ball
3-1: Foul Ball, location: 9LSF
3-2: Fly out, F9 (Flyball, 9, EV 90.6 MPH)
Bottom of the 4th over - 0 runs, 1 hit, 0 errors, 1 left on base; Sacramento 2 - Salt Lake 2
TOP OF THE 5TH
Sacramento River Cats batting - Pitching for Salt Lake Bees : RHP Casey Collins
Batting: SHB Jody Tomko 0-0: Ground out 4-3 (Groundball, 34, EV 90.6 MPH)
Batting: RHB Brendan Morris 0-0: Swinging Strike
0-1: Ball
1-1: Foul Ball, location: 9LDF
1-2: Strikes out looking
Batting: LHB Sergio Almanza 0-0: Called Strike
0-1: Fly out, F8 (Flyball, 8RXD, EV 94.4 MPH)
Top of the 5th over - 0 runs, 0 hits, 0 errors, 0 left on base; Sacramento 2 - Salt Lake 2
BOTTOM OF THE 5TH
Salt Lake Bees batting - Pitching for Sacramento River Cats : RHP Toby Carlson
Batting: LHB Justin Manns 0-0: Ball
1-0: Called Strike
1-1: Ground out 6-3 (Groundball, 6, EV 101.3 MPH)
Batting: LHB Ryan Ricks 0-0: Called Strike
0-1: Fly out, F9 (Flyball, 9S, EV 89.4 MPH)
Batting: LHB Roger Adkins 0-0: Fly out, F8 (Flyball, 78S, EV 77.5 MPH)
Bottom of the 5th over - 0 runs, 0 hits, 0 errors, 0 left on base; Sacramento 2 - Salt Lake 2
TOP OF THE 6TH
Sacramento River Cats batting - Pitching for Salt Lake Bees : RHP Casey Collins
Batting: RHB Greg Schaefer 0-0: Foul Ball, location: 2F
0-1: Fly out, F7 (Flyball, 78S, EV 86.9 MPH)
Batting: RHB Luis Jaramillo 0-0: Called Strike
0-1: Ground out 4-3 (Groundball, 4, EV 77.5 MPH)
Batting: RHB Kenny Giancola 0-0: Ground out 4-3 (Groundball, 34, EV 91.9 MPH)
Top of the 6th over - 0 runs, 0 hits, 0 errors, 0 left on base; Sacramento 2 - Salt Lake 2
BOTTOM OF THE 6TH
Salt Lake Bees batting - Pitching for Sacramento River Cats : RHP Toby Carlson
Batting: RHB Jon Fuentes 0-0: Swinging Strike
0-1: Ball
1-1: Ball
2-1: Ground out 5-3 (Groundball, 5, EV 108.1 MPH)
Pitching: RHP Mike Wade
Batting: LHB Austin Newton 0-0: Called Strike
0-1: Called Strike
0-2: Ball
1-2: SINGLE (Flyball, 8LS, EV 96.3 MPH)
Batting: RHB Xavier Montes 0-0: Called Strike
0-1: SINGLE (Line Drive, 8RS, EV 90.6 MPH)
Austin Newton to second
Batting: LHB Matt Davis 0-0: Ball
1-0: Swinging Strike
1-1: Ball
2-1: Foul Ball, location: 23FF
2-2: Strikes out swinging
Pinch Hitting: LHB Josh Alderete 0-0: Ball
1-0: SINGLE (Flyball, 3D, EV 98.1 MPH)
Austin Newton to third
Xavier Montes to second
Runner from 3rd tries for Home, SAFE, throw by RF to home
Batting: RHB Nick Kirks 0-0: Foul Ball, location: 9LMF
0-1: Ball
1-1: Foul Ball, location: 2F
1-2: Ball
2-2: Ball
3-2: DOUBLE (Flyball, 8LXD, EV 101.3 MPH)
Xavier Montes scores
Josh Alderete to third
Josh Alderete scores
Pitching: LHP Max Camarena
Batting: LHB Justin Manns 0-0: SINGLE (Line Drive, 78M, EV 100.0 MPH)
Nick Kirks to third
Runner from 3rd tries for Home, SAFE, throw by CF to home
Batting: LHB Ryan Ricks 0-0: Swinging Strike
0-1: Fly out, F8 (Flyball, 8LXD, EV 106.3 MPH)
Bottom of the 6th over - 4 runs, 5 hits, 0 errors, 1 left on base; Sacramento 2 - Salt Lake 6
TOP OF THE 7TH
Sacramento River Cats batting - Pitching for Salt Lake Bees : RHP Casey Collins
Now in CF: Ramon Bermudez
Batting: RHB Miles Carr 0-0: Fly out, F4 (Popup, 34S, EV 75.6 MPH)
Batting: RHB Elvin Reiss 0-0: Foul Ball, location: 2F
0-1: Foul Ball, location: 3F
0-2: Ground out 6-3 (Groundball, 6S, EV 81.9 MPH)
Batting: LHB Antonio Corral 0-0: SINGLE (Line Drive, 8RS, EV 89.4 MPH)
Batting: SHB Jody Tomko 0-0: 2-RUN HOME RUN (Flyball, 9LD, EV 95.6 MPH), Distance : 344 ft
Batting: RHB Brendan Morris 0-0: Ground out 6-3 (Groundball, 6, EV 102.5 MPH)
Top of the 7th over - 2 runs, 2 hits, 0 errors, 0 left on base; Sacramento 4 - Salt Lake 6
BOTTOM OF THE 7TH
Salt Lake Bees batting - Pitching for Sacramento River Cats : LHP Max Camarena
Batting: LHB Roger Adkins 0-0: Foul Ball, location: 3F
0-1: Ball
1-1: Foul Ball, location: 23F
1-2: Foul Ball, location: 7LSF
1-2: Foul Ball, location: 2F
1-2: Strikes out swinging
Batting: RHB Jon Fuentes 0-0: Ball
1-0: Called Strike
1-1: Fly out, F9 (Flyball, 89M, EV 96.3 MPH)
Batting: LHB Austin Newton 0-0: Ball
1-0: Ground out U3 (Groundball, 3, EV 90.6 MPH)
Bottom of the 7th over - 0 runs, 0 hits, 0 errors, 0 left on base; Sacramento 4 - Salt Lake 6
TOP OF THE 8TH
Sacramento River Cats batting - Pitching for Salt Lake Bees : RHP Casey Collins
Pitching: RHP Zack Lawler
Now in LF: Ramon Bermudez
Now in CF: Ricky Sisneros
Batting: LHB Sergio Almanza 0-0: Ball
1-0: Ball
2-0: Foul Ball, location: 5FF
2-1: SINGLE (Line Drive, 4D, EV 98.1 MPH)
Batting: RHB Greg Schaefer 0-0: Foul Ball, location: 9LMF
0-1: Ball
1-1: Ball
2-1: Foul Ball, location: 3F
2-2: Strikes out swinging
Batting: RHB Luis Jaramillo 0-0: Ball
1-0: SINGLE (Line Drive, 9S, EV 86.3 MPH)
Sergio Almanza to second
Batting: RHB Kenny Giancola 0-0: Called Strike
0-1: Foul Ball, location: 25FF
0-2: Ball
1-2: Grounds into double play, 5-4-3 (Groundball, 56, EV 89.4 MPH)
Top of the 8th over - 0 runs, 2 hits, 0 errors, 1 left on base; Sacramento 4 - Salt Lake 6
BOTTOM OF THE 8TH
Salt Lake Bees batting - Pitching for Sacramento River Cats : LHP Max Camarena
Batting: RHB Xavier Montes 0-0: Called Strike
0-1: Swinging Strike
0-2: Fly out, F3 (Popup, 3S, EV 68.1 MPH)
Batting: LHB Matt Davis 0-0: Ball
1-0: Ball
2-0: Ball
3-0: Called Strike
3-1: Foul Ball, location: 2F
3-2: SINGLE (Groundball, 6MD, EV 107.5 MPH)
Batting: LHB Ramon Bermudez 0-0: Called Strike
0-1: Ball
1-1: Fielders Choice at 2nd, 4-6 (Groundball, 4, EV 84.4 MPH)
Batting: RHB Nick Kirks 0-0: Ball
1-0: Foul Ball, location: 9LMF
1-1: Ball
2-1: Called Strike
2-2: Fielders Choice at 2nd, 5-4 (Groundball, 56, EV 102.5 MPH)
Bottom of the 8th over - 0 runs, 1 hit, 0 errors, 1 left on base; Sacramento 4 - Salt Lake 6
TOP OF THE 9TH
Sacramento River Cats batting - Pitching for Salt Lake Bees : RHP Zack Lawler
Batting: RHB Miles Carr 0-0: SINGLE (Groundball, 34S, EV 70.0 MPH) (infield hit)
Pinch Hitting: RHB Jeff Cox 0-0: Called Strike
0-1: SINGLE (Groundball, 34S, EV 68.8 MPH) (infield hit)
Miles Carr to second
Batting: LHB Antonio Corral 0-0: Grounds into double play, 4-6-3 (Groundball, 4, EV 89.4 MPH)
Miles Carr to third
Batting: SHB Jody Tomko 0-0: Ball
1-0: Fly out, F8 (Flyball, 78M, EV 91.9 MPH)
Top of the 9th over - 0 runs, 2 hits, 0 errors, 1 left on base; Sacramento 4 - Salt Lake 6
Wednesday, May 15th , 2024 - OOTP Baseball 24.11 Build 85